 Dungeon Crawl Stone Soup version 0.29.1-2-gbd0b4ee654 (webtiles) character file.

Game seed: 17656268638209952724

31 cowcol the Trooper (level 3, 0/33 HPs)
             Began as a Draconian Berserker on Nov 24, 2022.
             Was a Follower of Trog.
             Succumbed to an adder's poison
             ... on level 2 of the Dungeon.
             The game lasted 00:02:52 (735 turns).

cowcol the Trooper (Draconian Berserker)             Turns: 735, Time: 00:02:53

Health: 0/33       AC:  5    Str: 21    XL:     3   Next: 7%
Magic:  3/3        EV: 12    Int:  7    God:    Trog [*.....]
Gold:   69         SH:  0    Dex: 10    Spells: 2/2 levels left

rFire   . . .      SeeInvis .   a - +0 hand axe
rCold   . . .      Faith    .   (no shield)
rNeg    . . .      Spirit   .   (body armour unavailable)
rPois   .          Reflect  .   (helmet restricted)
rElec   .          Harm     .   (no cloak)
rCorr   .          Rampage  .   (no gloves)
Will    .....                   (no boots)
Stlth   ..........              f - amulet of the acrobat
HPRegen 0.11/turn               (no ring)
MPRegen 0.08/turn               (no ring)

@: lethally poisoned (0 -> -3), silenced, flying, invisible
A: AC +5, unfitting armour, cold-blooded
a: Renounce Religion


You were on level 2 of the Dungeon.
You worshipped Trog.
Trog was aware of your devotion.
You visited 1 branch of the dungeon, and saw 2 of its levels.

You collected 69 gold pieces.

Inventory:

Hand Weapons
 a - a +0 hand axe (weapon)
Missiles
 c - 2 poisoned darts (quivered)
Jewellery
 f - an amulet of the acrobat (around neck)
Scrolls
 e - a scroll of identify {unknown}
 g - a scroll of poison {unknown}
 h - a scroll of blinking {unknown}
 i - a scroll of silence


   Skills:
 + Level 3.7 Fighting
 + Level 3.5 Axes
 + Level 3.0 Dodging


You had 2 spell levels left.
You didn't know any spells.
Your spell library was empty.

Dungeon Overview and Level Annotations

Branches:
Dungeon (2/15)

Altars:

Shops:
D:1 *


Innate Abilities, Weirdness & Mutations

Your plain brown scales are hard. (AC +5)
You cannot fit into any form of body armour.
You are cold-blooded and may be slowed by cold attacks.


Message History

You are more poisoned.
The adder poisons you! The jackal bites you.
You barely miss the adder.
The adder is heavily wounded.
You hit the jackal.
You feel sick. The bat hits you but does no damage. The bat hits you.
* * * LOW HITPOINT WARNING * * *
The adder closely misses you.
The jackal bites you but does no damage.
The adder completely misses you.
You hit the adder.
You kill the adder!
Trog accepts your kill.
You closely miss the hobgoblin. You closely miss the jackal.
You barely miss the bat.
* * * LOW HITPOINT WARNING * * *
You feel sick. The bat hits you but does no damage.
The jackal barely misses you. The hobgoblin barely misses you.
The jackal bites you but does no damage.
You have reached level 3!
Your experience leads to an increase in your attributes!
Increase (S)trength, (I)ntelligence, or (D)exterity?
You feel stronger. x2; Your scales feel tougher.
It was a potion of invisibility.
You fade into invisibility!
* * * LOW HITPOINT WARNING * * *
You feel sick.
The jackal bites you but does no damage.
The hobgoblin hits you.
* * * LOW HITPOINT WARNING * * *
The adder closely misses you. The bat hits you but does no damage.
* * * LOW HITPOINT WARNING * * *
You feel sick. The bat closely misses you. The jackal completely misses you.
You see here an adder corpse.
* * * LOW HITPOINT WARNING * * *
You feel sick. The bat closely misses you.
It was a potion of flight.
You feel very buoyant.
You fly up into the air.
You die...

...... # ..... ..
#...#### ...
#......# ....
#......#
.....##......#
.............#
#.....@b....##..
#..#####hg.......
#S<.......
#..†..##..
#.........
.......###
........#
..........#
.............


You could see an adder (unable to see you), a jackal (unable to see you), a
hobgoblin (unable to see you) and a bat.

Vanquished Creatures
  An adder (D:2)
  A dart slug (D:1)
  A bat (D:1)
  2 giant cockroaches (D:1)
  3 goblins (D:1)
  A hobgoblin (D:1)
  3 jackals (D:2)
  3 ball pythons (D:1)
  2 frilled lizards
  2 kobolds (D:1)
  A rat (D:2)
20 creatures vanquished.

Notes
Turn   | Place    | Note
-------+----------+-------------------------------------------
     0 | D:1      | cowcol the Draconian Berserker began the quest for the Orb.
     0 | D:1      | Reached XP level 1. HP: 19/19 MP: 1/1
   184 | D:1      | Found Wuasess's Assorted Antiques.
   238 | D:1      | Reached XP level 2. HP: 26/26 MP: 2/2
   311 | D:1      | Found a faded altar of an unknown god.
   732 | D:2      | Reached XP level 3. HP: 8/33 MP: 3/3
   734 | D:2      | HP: 1/33 [poisoned by an adder]
   735 | D:2      | Succumbed to an adder's poison

Illustrated notes

Levels and vault maps discovered:
D:1:      dreamdust_arrival_beginning_and_end, layout_rooms, serial_rivers,
          chequers_serial_rivers_small_a, chequers_serial_rivers_marsh,
          chequers_serial_rivers_large_a, chequers_serial_rivers_room_b,
          nicolae_ecumenical_snake_handling, serial_shops,
          nicolae_shop_overgrown_old_shop, minmay_misc_feat_doors
D:2:      layout_rooms

Skill      XL: |  1  2 |
---------------+-------+-----
Dodging        | 3 |  3.0
Fighting       | |  3.7
Axes           | |  3.5

Action                   || total
-------------------------++-------
Melee: Hand axe          ||    41
       Tailslap          ||     5
       Punch             ||     1
Throw: Dart              ||     1
  Use: Scroll            ||     1
       Potion            ||     2
Armor: Skin              ||    26
Dodge: Dodged            ||    62
